 Dungeon Crawl Stone Soup version 0.28-a0-439-g4cf4cd4993 (webtiles) character file.

Game seed: 2041573555001022325

706 Gargoyl the Skirmisher (level 7, -1/60 HPs)
             Began as a Gnoll Abyssal Knight on Sept 11, 2021.
             Was a Believer of Lugonu.
             Slain by an orc warrior (12 damage)
             ... on level 4 of the Dungeon.
             The game lasted 00:04:51 (3834 turns).

Gargoyl the Skirmisher (Gnoll Abyssal Knight)       Turns: 3834, Time: 00:04:52

Health: -1/60      AC: 11    Str: 13    XL:     7   Next: 67%
Magic:  11/11      EV: 10    Int: 11    God:    Lugonu [**....]
Gold:   113        SH:  9    Dex: 12    Spells: 11/11 levels left

rFire   . . .      SeeInvis .   m - +1 flail (drain)
rCold   . . .      Faith    .   h - +1 buckler
rNeg    + . .      Spirit   .   q - +2 chain mail {Will+}
rPois   .          Reflect  .   (no helmet)
rElec   .          Harm     .   (no cloak)
rCorr   .          Rampage  .   (no gloves)
Will    +....                   (no boots)
Stlth   ..........              g - amulet of the acrobat
HPRegen 0.20/turn               c - ring of positive energy
MPRegen 0.12/turn               k - +4 ring of evasion

@: no status effects
A: fangs 1, strong nose, distributed training, large bone plates 1
a: Renounce Religion, Depart the Abyss, Bend Space


You were on level 4 of the Dungeon.
You worshipped Lugonu.
Lugonu was pleased with you.
You visited 1 branch of the dungeon, and saw 4 of its levels.
You visited the Abyss 1 time.

You collected 113 gold pieces.

Inventory:

Hand Weapons
 a - a +2 hand axe
 m - a +1 flail of draining (weapon)
Missiles
 f - 67 poisoned darts (quivered)
Armour
 h - a +1 buckler (worn)
 q - a +2 chain mail of willpower (worn)
Jewellery
 c - a ring of positive energy (left hand)
 g - an amulet of the acrobat (around neck)
 j - a ring of protection from cold
 k - a +4 ring of evasion (right hand)
Wands
 i - a wand of iceblast (10)
Scrolls
 e - a scroll of fog
 l - a scroll of teleportation
 o - a scroll of fear
Potions
 p - a potion of magic


   Skills:
 + Level 7.1 Fighting
 + Level 2.6 Short Blades
 + Level 2.6 Long Blades
 + Level 5.3 Axes
 + Level 2.6 Maces & Flails
 + Level 2.6 Polearms
 + Level 2.6 Staves
 + Level 2.6 Slings
 + Level 2.6 Bows
 + Level 2.6 Crossbows
 + Level 2.6 Throwing
 + Level 5.3 Armour
 + Level 3.7 Dodging
 + Level 2.6 Stealth
 + Level 2.6 Shields
 + Level 2.6 Unarmed Combat
 + Level 2.6 Spellcasting
 + Level 2.1 Conjurations
 + Level 2.1 Hexes
 + Level 2.1 Summonings
 + Level 2.1 Necromancy
 + Level 2.1 Translocations
 + Level 2.1 Transmutations
 + Level 2.1 Fire Magic
 + Level 2.1 Ice Magic
 + Level 2.1 Air Magic
 + Level 2.1 Earth Magic
 + Level 2.1 Poison Magic
 + Level 5.5 Invocations
 + Level 2.6 Evocations


You had 11 spell levels left.
You didn't know any spells.
Your spell library contained the following spells:

 Spells                   Type           Power      Damage    Failure   Level
 Magic Dart               Conj           24%        1d4       98%         1
 Pain                     Necr           24%        1d5       98%         1


Dungeon Overview and Level Annotations

Branches:
Dungeon (4/15)             Temple (0/1) D:4

Altars:
Sif Muna
Trog
Xom


Innate Abilities, Weirdness & Mutations

You have very sharp teeth.
Your uncanny sense of smell can sniff out nearby items.
Your experience applies equally to all skills.
You are partially covered in large bone plates. (SH +4)


Message History

Lugonu accepts your kill.
Things that are here:
a +2 dagger of draining; a +0 robe
Things that are here:
a +2 dagger of draining; a +0 robe You pick up Sif Muna's Collected Works on Excruciating Dark Secrets and begin reading...
You add the spells Magic Dart and Pain to your library.
There is an empty arch of ancient stone here.
Found a mace.
Found a bloodstained altar of Trog.
An orc warrior is nearby!
The orc warrior shouts!
The orc warrior completely misses you. You block the orc warrior's attack.
You completely miss the orc warrior. You block the orc warrior's attack.
You closely miss the orc warrior. Your bite misses the orc warrior.
The orc warrior hits you with a +0 trident of flaming!
The orc warrior burns you.
The orc warrior hits you with a +0 trident of flaming!
The orc warrior burns you.
You closely miss the orc warrior. The orc warrior closely misses you.
You closely miss the orc warrior.
The orc warrior hits you with a +0 trident of flaming!
The orc warrior burns you.
You closely miss the orc warrior. You block the orc warrior's attack.
You completely miss the orc warrior. You block the orc warrior's attack.
The orc warrior hits you but does no damage.
You hit the orc warrior but do no damage.
The orc warrior barely misses you.
You hit the orc warrior but do no damage.
The orc warrior hits you but does no damage.
You barely miss the orc warrior. You block the orc warrior's attack.
The orc warrior barely misses you.
You hit the orc warrior but do no damage.
The orc warrior hits you with a +0 trident of flaming!
* * * LOW HITPOINT WARNING * * *
The orc warrior burns you.
* * * LOW HITPOINT WARNING * * *
You hit the orc warrior but do no damage.
The orc warrior hits you with a +0 trident of flaming!
You die...

#### ##..# ###
##.)_######....
##....##........
##...###...##### #
##...###........#
#.#...#∩#...#)###.##
#.o@.###...##.# #...
#...###...###.# ##..
.# #..##....##.#.##
#.. . ###
#_..##.....###.. #.
#..####.#....... #.##
#### #.##......
...##########o....#...
#.#..........###.#.##
##...########.# #...##


You could see an orc warrior.

Vanquished Creatures
  Pikel (D:4)
  A phantom (D:4)
  Terence (D:3)
  An orc wizard (D:4)
  5 adders (D:2)
  An ufetubus (D:4)
  A worm (D:2)
  An orc (D:4)
  6 bats
  5 endoplasms
  3 giant cockroaches (D:2)
  6 hobgoblins
  2 jackals (D:2)
  4 kobolds
  10 ball pythons
  4 frilled lizards
  8 goblins
  8 rats
68 creatures vanquished.

Vanquished Creatures (others)
  2 demonic plants (D:1)
2 creatures vanquished.

Grand Total: 70 creatures vanquished

Notes
Turn   | Place    | Note
-------+----------+-------------------------------------------
     0 | Abyss:1  | Gargoyl the Gnoll Abyssal Knight began the quest for the
                  | Orb.
     0 | Abyss:1  | Reached XP level 1. HP: 23/23 MP: 3/3
    52 | Abyss:1  | Found a corrupted altar of Lugonu.
   266 | Abyss:1  | Noticed a smoke demon
   267 | D:1      | Escaped the Abyss
   432 | D:1      | Reached * piety under Lugonu
   582 | D:1      | Reached XP level 2. HP: 29/29 MP: 5/5
   626 | D:1      | Found a faded altar of an unknown god.
  1314 | D:2      | Reached XP level 3. HP: 35/35 MP: 6/6
  1607 | D:2      | Reached skill level 1 in Short Blades
  1607 | D:2      | Reached skill level 1 in Long Blades
  1607 | D:2      | Reached skill level 1 in Maces & Flails
  1607 | D:2      | Reached skill level 1 in Polearms
  1607 | D:2      | Reached skill level 1 in Staves
  1607 | D:2      | Reached skill level 1 in Slings
  1607 | D:2      | Reached skill level 1 in Bows
  1607 | D:2      | Reached skill level 1 in Crossbows
  1607 | D:2      | Reached skill level 1 in Throwing
  1607 | D:2      | Reached skill level 1 in Stealth
  1607 | D:2      | Reached skill level 1 in Shields
  1607 | D:2      | Reached skill level 1 in Unarmed Combat
  1607 | D:2      | Reached skill level 1 in Spellcasting
  1607 | D:2      | Reached skill level 1 in Evocations
  1607 | D:2      | Reached XP level 4. HP: 35/41 MP: 7/7
  1805 | D:2      | Reached ** piety under Lugonu
  1806 | D:2      | Reached skill level 1 in Conjurations
  1806 | D:2      | Reached skill level 1 in Hexes
  1806 | D:2      | Reached skill level 1 in Summonings
  1806 | D:2      | Reached skill level 1 in Necromancy
  1806 | D:2      | Reached skill level 1 in Translocations
  1806 | D:2      | Reached skill level 1 in Transmutations
  1806 | D:2      | Reached skill level 1 in Fire Magic
  1806 | D:2      | Reached skill level 1 in Ice Magic
  1806 | D:2      | Reached skill level 1 in Air Magic
  1806 | D:2      | Reached skill level 1 in Earth Magic
  1806 | D:2      | Reached skill level 1 in Poison Magic
  2065 | D:2      | Found a shimmering altar of Xom.
  2595 | D:3      | Noticed Terence
  2622 | D:3      | Killed Terence
  2623 | D:3      | Reached XP level 5. HP: 17/42 MP: 8/8
  2978 | D:4      | Found a staircase to the Ecumenical Temple.
  3035 | D:4      | Noticed a phantom
  3063 | D:4      | Killed a phantom
  3064 | D:4      | Reached skill level 5 in Invocations
  3330 | D:4      | Found a shimmering blue altar of Sif Muna.
  3333 | D:4      | Noticed an orc warrior
  3606 | D:4      | Noticed a lemure
  3606 | D:4      | Noticed a lemure
  3606 | D:4      | Noticed a lemure
  3606 | D:4      | Noticed a lemure
  3606 | D:4      | Noticed Pikel
  3628 | D:4      | Gained mutation: Your body sometimes deteriorates upon
                  | taking damage. [potion of mutation]
  3628 | D:4      | Lost mutation: Your body sometimes deteriorates upon taking
                  | damage. [potion of mutation]
  3628 | D:4      | Gained mutation: You are partially covered in large bone
                  | plates. (SH +4) [potion of mutation]
  3633 | D:4      | Killed Pikel
  3634 | D:4      | Reached skill level 7 in Fighting
  3634 | D:4      | Reached skill level 5 in Axes
  3634 | D:4      | Reached skill level 5 in Armour
  3634 | D:4      | Reached XP level 6. HP: 29/55 MP: 8/10
  3634 | D:4      | Reached XP level 7. HP: 32/60 MP: 8/11
  3811 | D:4      | Got Sif Muna's Collected Works on Excruciating Dark Secrets
  3816 | D:4      | Found a bloodstained altar of Trog.
  3834 | D:4      | Slain by an orc warrior

Illustrated notes

Levels and vault maps discovered:
D:1:      erik_arrival_triangle_medium, layout_basic,
          shapermc_ecumenical_altar_gd, minmay_misc_feat_four_crosses
D:2:      layout_basic, basic_altar
D:3:      layout_rooms, uniq_terence
D:4:      layout_rooms, nzn_overflow_gifts_of_might_and_magic, temple_fountains,
          uniq_pikel

Skill      XL: |  1  2  3  4  5 |
---------------+----------------+-----
Short Blades   | 1 2 |  2.6
Long Blades    | 1 2 |  2.6
Maces & Flails | 1 2 |  2.6
Polearms       | 1 2 |  2.6
Staves         | 1 2 |  2.6
Slings         | 1 2 |  2.6
Bows           | 1 2 |  2.6
Crossbows      | 1 2 |  2.6
Throwing       | 1 2 |  2.6
Stealth        | 1 2 |  2.6
Shields        | 1 2 |  2.6
Unarmed Combat | 1 2 |  2.6
Spellcasting   | 1 2 |  2.6
Evocations     | 1 2 |  2.6
Conjurations   | 1 2 |  2.1
Hexes          | 1 2 |  2.1
Summonings     | 1 2 |  2.1
Necromancy     | 1 2 |  2.1
Translocations | 1 2 |  2.1
Transmutations | 1 2 |  2.1
Fire Magic     | 1 2 |  2.1
Ice Magic      | 1 2 |  2.1
Air Magic      | 1 2 |  2.1
Earth Magic    | 1 2 |  2.1
Poison Magic   | 1 2 |  2.1
Dodging        | 3 |  3.7
Invocations    | 5 |  5.5
Fighting       | 7 |  7.1
Axes           | 5 |  5.3
Armour         | 5 |  5.3

Action                   |  1- 3 |  4- 6 |  7- 9 || total
-------------------------+-------+-------+-------++-------
Melee: Hand axe          |    82 |    91 |       ||   173
       Bite              |     6 |    14 |       ||    20
       Flail             |       |    58 |    22 ||    80
Invok: Depart the Abyss  |     1 |       |       ||     1
  Use: Scroll            |     5 |     3 |       ||     8
       Potion            |       |     5 |       ||     5
Armor: Chain mail        |    74 |    50 |     7 ||   131
       Plate armour      |       |    10 |       ||    10
Dodge: Dodged            |    59 |   116 |     4 ||   179
Block: Buckler           |    18 |    55 |    10 ||    83

Table legend: (Time is in decaauts)
 A = Elapsed time spent in this place.
 B = Non-inter-level travel time spent in this place.
 C = Inter-level travel time spent in this place.
 D = Time resting spent in this place.
 E = Time spent auto-exploring this place.
 F = Levels seen in this place.
 G = Mean time per level.
                   A        B        C        D        E       F      G
               +--------+--------+--------+--------+--------+-----+--------+
         Total |   3883 |   3826 |     57 |    347 |   2589 |   5 |  776.6 |
       Dungeon |   3616 |   3559 |     57 |    347 |   2395 |   4 |  904.0 |
         Abyss |    266 |    266 |      0 |      0 |    194 |   1 |  266.0 |
               +--------+--------+--------+--------+--------+-----+--------+

Top non-repeatable levels by time:
     D:2: 1129 daAuts
     D:1: 955 daAuts
     D:3: 886 daAuts
     D:4: 646 daAuts
 Abyss:1: 266 daAuts
